 Dungeon Crawl Stone Soup version 0.31.0-32-g396128a36d (webtiles) character file.

Game seed: 6396383963630340068

38 Tsumveil the Vexing (level 3, -6/28 HPs)
             Began as a Gnoll Hexslinger on Mar 15, 2024.
             Was a Follower of Dithmenos.
             Killed by an exploding kobold (34 damage)
             ... ignited by their inner flame
             ... on level 2 of the Dungeon.
             The game lasted 00:06:25 (990 turns).

Tsumveil the Vexing (Gnoll Hexslinger)               Turns: 990, Time: 00:06:25

Health: -6/28      AC:  2    Str:  7    XL:     3   Next: 43%
Magic:  0/7        EV: 13    Int: 14    God:    Dithmenos [*.....]
Gold:   63         SH:  0    Dex: 14    Spells: 7/7 levels left

rFire   . . .        a - +1 sling
rCold   . . .        (no shield)
rNeg    . . .        c - +0 robe
rPois   .            (no helmet)
rElec   .            (no cloak)
rCorr   .            (no gloves)
SInv    .            (no boots)
Will    .....        d - amulet of guardian spirit
Stlth   ++           (no ring)
HPRegen 0.24/turn    (no ring)
MPRegen 0.10/turn

%: guardian spirit
@: wreathed by umbra
A: fangs 1, strong nose, distributed training
a: Renounce Religion


You were on level 2 of the Dungeon.
You worshipped Dithmenos.
Dithmenos was aware of your devotion.
You visited 1 branch of the dungeon, and saw 2 of its levels.

You collected 63 gold pieces.

Inventory:

Hand Weapons
 a - a +1 sling (weapon)
 f - a +0 mace of protection
Armour
 c - a +0 robe (worn)
 e - a +0 chain mail
 j - a +0 plate armour
Jewellery
 d - an amulet of guardian spirit (around neck)
Scrolls
 b - a scroll of poison
Potions
 g - 2 potions of curing


   Skills:
 + Level 2.6 Fighting
 + Level 0.8 Short Blades
 + Level 0.8 Long Blades
 + Level 0.8 Axes
 + Level 0.8 Maces & Flails
 + Level 0.8 Polearms
 + Level 0.8 Staves
 + Level 4.5 Ranged Weapons
 + Level 0.8 Throwing
 + Level 0.8 Armour
 + Level 4.5 Dodging
 + Level 0.8 Stealth
 + Level 0.8 Shields
 + Level 0.8 Unarmed Combat
 + Level 2.8 Spellcasting
 + Level 0.5 Conjurations
 + Level 5.4 Hexes
 + Level 0.5 Summonings
 + Level 0.5 Necromancy
 + Level 0.5 Translocations
 + Level 2.1 Fire Magic
 + Level 0.5 Ice Magic
 + Level 0.5 Air Magic
 + Level 0.5 Earth Magic
 + Level 0.5 Alchemy
 + Level 1.0 Invocations
 + Level 0.8 Evocations
 + Level 0.7 Shapeshifting


You had 7 spell levels left.
You didn't know any spells.
Your spell library contained the following spells:

 Spells                   Type           Power      Damage    Failure   Level
 Jinxbite                 Hex            34%        N/A       3%          2
 Sigil of Binding         Hex            17%        N/A       7%          3
 Inner Flame              Hex/Fire       12%        N/A       14%         3
 Cause Fear               Hex            8%         N/A       24%         4
 Dimensional Bullseye     Hex/Tloc       5%         N/A       54%         4


Dungeon Overview and Level Annotations

Branches:
Dungeon (2/15)

Altars:
Dithmenos

Shops:
D:1 (


Innate Abilities, Weirdness & Mutations

You have very sharp teeth.
Your uncanny sense of smell can sniff out nearby items.
Your experience applies equally to all skills.


Message History

The goblin misses you.
You shoot a sling bullet. The sling bullet hits the goblin.
You kill the goblin!
Dithmenos accepts your kill. The rat barely misses you.
Things that are here:
a +0 dagger; a goblin corpse You shoot a sling bullet.
The sling bullet hits the rat.
You kill the rat!
Dithmenos accepts your kill.
Found 9 gold pieces.
You see here a rat corpse.
Found a potion of heal wounds.
Blink to where?
Press: ? - help, Dir - move target
Okay, then.
As you read the scroll labelled KENEREKLU, it crumbles to dust.
It was a scroll of blinking.
A kobold comes into view. It is wielding a +0 club.
As you read the scroll labelled NUUTID XOTZ, it crumbles to dust.
It is a scroll of identify.
g - 2 potions of curing The kobold shouts!
As you read the scroll labelled VYFFEO TITZIU, it crumbles to dust.
You assume a fearsome visage.
The kobold looks frightened!
It was a scroll of fear.
As you read the scroll labelled ZUTTEY RUVYUWK, it crumbles to dust.
The creatures around you are filled with an inner flame!
It was a scroll of immolation.
The kobold cries, "Help!"
Cornered, the kobold turns to fight!
You see here 9 gold pieces.
You now have 63 gold pieces (gained 9).
The kobold barely misses you. The kobold misses you.
You shoot a sling bullet. The sling bullet hits the kobold!
Dithmenos accepts your kill.
The kobold explodes!
The fiery explosion engulfs you!!!
Ouch! That really hurt!
You die...

.#####.##..
...#...... ..........
.......### #......#
.......##############
#......)†...........#
##..................#
##.....##[.....§@§..#
..#.#.####.....§§§..#
#.#.#.####.$...§.§..#
#.......##..........#
<........#..........#
.........#......!...#
..††......###########
..†.....#. ........#


There were no monsters in sight!

Vanquished Creatures
  2 ball pythons
  3 bats
  An endoplasm (D:1)
  2 giant cockroaches (D:2)
  5 hobgoblins
  4 jackals (D:1)
  A quokka (D:1)
  4 frilled lizards
  6 goblins
  3 kobolds
  4 rats
35 creatures vanquished.

Notes
Turn   | Place    | Note
-------+----------+-------------------------------------------
     0 | D:1      | Tsumveil the Gnoll Hexslinger began the quest for the Orb.
     0 | D:1      | Reached XP level 1. HP: 17/17 MP: 4/4
   134 | D:1      | Found Fekyfix's Antique Weapon Emporium.
   139 | D:1      | Reached XP level 2. HP: 23/23 MP: 5/5
   568 | D:1      | Reached XP level 3. HP: 25/28 MP: 5/7
   599 | D:1      | Found a faded altar of an unknown god.
   619 | D:1      | Prayed at the altar of an unknown god.
   619 | D:1      | Became a worshipper of Dithmenos the Shadowed
   619 | D:1      | Reached * piety under Dithmenos
   886 | D:2      | Reached skill level 1 in Invocations
   990 | D:2      | Killed by an exploding kobold... ignited by their inner
                  | flame

Illustrated notes

Levels and vault maps discovered:
D:1:      onia_arrival_pyramid, layout_basic,
          hellmonk_ecumenical_altar_dog_temple, serial_shops, shop
D:2:      layout_rooms, minmay_domino_4, uniq_crazy_yiuf_cottage, uniq_robin

Skill      XL: |  1  2  3 |
---------------+----------+-----
Fire Magic     | 2 |  2.1
Invocations    | 1 |  1.0
Fighting       | |  2.6
Short Blades   | |  0.8
Long Blades    | |  0.8
Axes           | |  0.8
Maces & Flails | |  0.8
Polearms       | |  0.8
Staves         | |  0.8
Ranged Weapons | |  4.5
Throwing       | |  0.8
Armour         | |  0.8
Dodging        | |  4.5
Stealth        | |  0.8
Shields        | |  0.8
Unarmed Combat | |  0.8
Spellcasting   | |  2.8
Conjurations   | |  0.5
Hexes          | |  5.4
Summonings     | |  0.5
Necromancy     | |  0.5
Translocations | |  0.5
Ice Magic      | |  0.5
Air Magic      | |  0.5
Earth Magic    | |  0.5
Alchemy        | |  0.5
Evocations     | |  0.8
Shapeshifting  | |  0.7

Action                     || total
---------------------------++-------
  Melee: Mace              ||    29
         Bite              ||     2
   Fire: Sling             ||    74
    Use: Scroll            ||     4
         Potion            ||     1
 Armour: Robe              ||    29
         Chain mail        ||    71
  Dodge: Dodged            ||    63
